 Dungeon Crawl Stone Soup version 0.22-a0-609-gfedc9ff (webtiles) character file.

83 Hebeh the Magician (level 4, 0/24 HPs)
             Began as a Deep Elf Fire Elementalist on July 10, 2018.
             Slain by a crimson imp (1 damage)
             ... on level 2 of the Dungeon.
             The game lasted 00:07:59 (1941 turns).

Hebeh the Magician (Deep Elf Fire Elementalist)     Turns: 1941, Time: 00:08:00

Health: 0/24       AC:  3    Str:  5    XL:     4   Next: 22%
Magic:  12/12      EV: 13    Int: 21    God:
Gold:   168        SH:  0    Dex: 15    Spells: 5/11 levels left

rFire    . . .     SeeInvis .   a - +0 spear
rCold    . . .     Gourm    .   (no shield)
rNeg     . . .     Faith    .   e - +0 robe
rPois    .         Spirit   .   (no helmet)
rElec    .         Reflect  .   (no cloak)
rCorr    .         Harm     .   (no gloves)
MR       .....                  h - +0 pair of boots
Stlth    ++........             (no amulet)
HPRegen  0.08/turn              (no ring)
MPRegen  0.13/turn              (no ring)

@: no status effects
A: no striking features
a: no special abilities


You were on level 2 of the Dungeon.
You were not hungry.

You visited 1 branch of the dungeon, and saw 2 of its levels.

You collected 168 gold pieces.

Inventory:

Hand Weapons
 a - a +0 spear (weapon)
 b - a +0 hunting sling
Missiles
 f - a tomahawk
 j - 4 stones
 k - 7 javelins (quivered)
Armour
 e - a +0 robe (worn)
 h - a +0 pair of boots (worn)
Jewellery
 m - an uncursed ring of flight {unknown}
Scrolls
 d - a scroll of teleportation {unknown}
 i - a scroll of noise {unknown}
 n - a scroll of remove curse {unknown}
Potions
 g - a potion of berserk rage {unknown}
Comestibles
 c - 5 rations
 l - 2 chunks of flesh


   Skills:
 - Level 2.4 Dodging
 - Level 2.4 Stealth
 + Level 4.0 Spellcasting
 * Level 3.3 Conjurations
 + Level 4.0 Fire Magic


You had 5 spell levels left.
You knew the following spells:

 Your Spells              Type           Power        Failure   Level  Hunger
a - Flame Tongue          Conj/Fire      ###..        2%          1    None
b - Throw Flame           Conj/Fire      ###...       4%          2    #......
c - Conjure Flame         Conj/Fire      ###.....     9%          3    ###....

Your spell library contained the following spells:

 Spells                   Type           Power        Failure   Level  Hunger
 Cause Fear               Hex            #.........   75%         4    ####...
 Fireball                 Conj/Fire      ###.......   58%         5    ######.
 Bolt of Fire             Conj/Fire      ###.......   99%         6    #######
 Sticky Flame             Conj/Fire      ###.....     26%         4    ####...
 Dragon Form              Tmut           #.........   100%        7    #######
 Inner Flame              Hex/Fire       ##......     16%         3    ###....
 Dragon's Call            Summ           #.........   100%        9    #######


Dungeon Overview and Level Annotations

Branches:
Dungeon (2/15)

Altars:
Okawaru


Message History

The crimson imp barely misses you.
You hit the crimson imp.
The crimson imp is moderately wounded.
The crimson imp hits you.
* * * LOW HITPOINT WARNING * * *
You hit the crimson imp but do no damage.
The crimson imp is moderately wounded.
The crimson imp blinks!
The crimson imp blinks!
The crimson imp barely misses you.
You hit the crimson imp but do no damage.
The crimson imp barely misses you.
You closely miss the crimson imp. The crimson imp hits you.
* * * LOW HITPOINT WARNING * * *
You barely miss the crimson imp. The crimson imp hits you.
* * * LOW HITPOINT WARNING * * *
You closely miss the crimson imp.
The crimson imp shouts, "Fly, thou rootless crook-pated joithead!"
The crimson imp hits you.
You die...

_......####.........###....##.#.#
.♣.♣......'.........+.......#.#.#
.......####.........###..>..#.#.#
.♣.#..## ##.......## #...#.#.#.#
......# ##.....## #..##.#.#.#
###.#.## ##...## ###..##.#.#.#
#.###.## ##'## ##...........# #.#
##.#######.####.###.##.##### ##
#.........5@....# #.##.#
#.#.#######.####.###.##.# #.##.#
##...####...###.# ##.##5###
#.....# ##.####.# #..>....#
##...## #......# #.5##.#.# ##.##
######## #. ..#.# #.# # #### #
#.# #.#


You could see a crimson imp.

Vanquished Creatures
  A gnoll (D:1)
  3 adders (D:2)
  2 worms (D:2)
  2 dart slugs
  A giant cockroach (D:1)
  6 goblins
  4 hobgoblins
  3 jackals (D:2)
  7 bats
  4 frilled lizards
  3 kobolds
  4 rats
40 creatures vanquished.

Notes
Turn   | Place    | Note
-------+----------+-------------------------------------------
     0 | D:1      | Hebeh the Deep Elf Fire Elementalist began the quest for the Orb.
     0 | D:1      | Reached XP level 1. HP: 10/10 MP: 6/6
    14 | D:1      | Reached XP level 2. HP: 2/15 MP: 1/8
  1000 | D:1      | Reached XP level 3. HP: 19/19 MP: 10/10
  1136 | D:2      | Learned a level 2 spell: Throw Flame
  1140 | D:2      | Learned a level 3 spell: Conjure Flame
  1457 | D:2      | Reached XP level 4. HP: 10/24 MP: 1/11
  1744 | D:2      | Found an iron altar of Okawaru.
  1939 | D:2      | HP: 1/24 [crimson imp (4)]
  1941 | D:2      | Slain by a crimson imp

Vault maps used:
D:1:      sevenhm_arrival_forest_fort_large_4
D:2:      okawaru_trees_1, tso_oasis_becter

Skill      XL: |  1  2  3  4 |
---------------+-------------+-----
Conjurations   | 2 3 |  3.3
Spellcasting   | 4 |  4.0
Fire Magic     | 4 |  4.0
Dodging        | |  2.4
Stealth        | |  2.4

Action                   |  1- 3 |  4- 6 || total
-------------------------+-------+-------++-------
Melee: Spear             |    10 |    48 ||    58
 Fire: Hunting sling     |    25 |     8 ||    33
Throw: Tomahawk          |    12 |       ||    12
       Javelin           |     9 |       ||     9
       Stone             |     1 |       ||     1
 Cast: Flame Tongue      |    43 |     4 ||    47
       Throw Flame       |     2 |     2 ||     4
  Eat: Chunk             |     1 |     2 ||     3
Armor: Robe              |    11 |     5 ||    16
Dodge: Dodged            |    36 |    24 ||    60

Table legend:
 A = Spawn XP
 B = Non-spawn XP
 C = Spawn XP percentage of total XP
 D = Spawn monster count
 E = Non-spawn monster count
 F = Spawn count percentage of total count
 G = Total turns spent on level
                    A         B        C        D         E        F      G
               +---------+---------+-------+---------+---------+-------+---------
         Total |       0 |     119 |   0.0 |       0 |      40 |   0.0 |  1941
               +---------+---------+-------+---------+---------+-------+---------
           D:1 |       0 |      43 |   0.0 |       0 |      18 |   0.0 |  1132
           D:2 |       0 |      76 |   0.0 |       0 |      22 |   0.0 |   809
               +---------+---------+-------+---------+---------+-------+---------
